AoeStats
← 一剑扫秋风nelson

African Clearing

504983625Analyzed
4v4 RM · 25d ago on Sep 7, 2026· 34m 17s· 8 players
Game mode
Random Map
Map size
Large (8 player)
Population
200
Speed
Normal
Resources
Standard
Victory
Conquest
Starting age
Dark Age
Ending age
Imperial Age
RankedLock teamsTeams togetherTeam positionsShared explorationLock speedFull tech treeHidden civsTurbo modeCheats
Victory
Defeat
🇨🇳 Vietnamese · China
1967
+5
🇨🇳 Mapuche · China
1881
+8
🇨🇳 Persians · China
1662
+15
🇨🇳 Spanish · China
1549
+20
🇨🇳 Magyars · China
1762
-15
🇦🇷 Chinese · Argentina
1748
-15
🇨🇳 Spanish · China
1611
-10
🇨🇳 Persians · China
1563
-8
十大地方
10:34 Loom
12:35 Feudal Age
13:17 Double-Bit Axe
18:17 Wheelbarrow
23:00 Castle Age
22:53 Horse Collar
23:33 Scale Barding Armor
温蒂
13:20 Feudal Age
14:55 Loom
17:51 Castle Age
16:35 Double-Bit Axe
16:57 Horse Collar
18:51 Bow Saw
25:48 Wheelbarrow
26:20 Padded Archer Armor
34:54 Imperial Age
33:33 Bloodlines
34:46 Hand Cart
一剑扫秋风nelson
6:41 Loom
22:14 Feudal Age
22:43 Double-Bit Axe
CNZS_旋律
3:36 Loom
14:12 Feudal Age
17:44 Castle Age
15:33 Fishing Lines
16:18 Double-Bit Axe
17:57 Horse Collar
18:45 Bow Saw
24:28 Wheelbarrow
24:42 Fletching
26:34 Heavy Plow
31:01 Imperial Age
28:19 Town Watch
28:29 Gold Mining
29:26 Hand Cart
29:53 Scale Barding Armor
31:50 Bloodlines
31:40 Husbandry
31:41 Chatras
31:42 Gillnets
31:32 Elite Battle Elephant
32:37 Chain Barding Armor
32:20 Husbandry
34:22 Plate Barding Armor
34:12 Bodkin Arrow
35:18 Chemistry
34:42 Ballistics
35:02 Forging
Bz_青红
9:03 Loom
11:59 Feudal Age
12:11 Man-at-Arms
14:44 Double-Bit Axe
21:40 Horse Collar
27:07 Castle Age
26:42 Bloodlines
28:13 Bow Saw
28:07 Heavy Plow
30:40 Town Watch
33:33 Wheelbarrow
qeozouwajqnl
2:44 Loom
12:16 Feudal Age
16:29 Castle Age
14:54 Double-Bit Axe
17:37 Fletching
22:55 Bodkin Arrow
23:20 Ballistics
27:00 Horse Collar
冥想控
10:31 Loom
12:18 Feudal Age
12:36 Loom
12:56 Double-Bit Axe
16:46 Town Watch
24:45 Castle Age
24:45 Bloodlines
25:54 Husbandry
25:15 Light Cavalry
33:47 Horse Collar
34:28 Scale Barding Armor
我也要有心啊
3:45 Loom
19:56 Feudal Age
21:04 Horse Collar
21:14 Double-Bit Axe
24:40 Castle Age
24:57 Town Watch
26:23 Scale Barding Armor
27:00 Padded Archer Armor
27:34 Gold Mining
29:00 Fletching
31:49 Bow Saw
32:54 Bodkin Arrow
33:55 Ballistics
34:25 Heavy Plow
Connection lost

Rejoining the realm…

Still unreachable

The connection could not be restored.

Session expired

The server has moved on; the page needs a fresh start.